 Dungeon Crawl Stone Soup version 0.20.1-1-g8b1a95d (webtiles) character file.

94192 tidbits the Black Belt (level 15, -6/171 HPs)
             Began as a Grey Draconian Transmuter on July 6, 2017.
             Was the Champion of Makhleb.
             Mangled by an eight-headed hydra (7 damage)
             ... on level 1 of the Swamp.
             The game lasted 02:44:58 (18679 turns).

tidbits the Black Belt (Grey Draconian Transmuter) Turns: 18679, Time: 02:44:59

Health: -6/171     AC: 10    Str: 12    XL:     15   Next: 62%
Magic:  20/25      EV: 15    Int: 18    God:    Makhleb [******]
Gold:   2531       SH:  0    Dex: 14    Spells: 4/27 levels left

rFire    x . .     SeeInvis +     - Unarmed
rCold    + + +     Gourm    .   (shield currently unavailable)
rNeg     . . .     Faith    .   (armour unavailable)
rPois    +         Spirit   .   (helmet currently unavailable)
rElec    .         Reflect  .   (cloak currently unavailable)
rCorr    .         Harm     .   (gloves currently unavailable)
MR       +....                  (boots currently unavailable)
Stlth    ++........             R - amulet of magic regeneration
Regen    0.4/turn               U - +3 ring of protection
MPRegen  0.3/turn               I - ring of see invisible

@: ice-form, berserk cooldown, very slightly contaminated
A: (walk through water), unfitting armour, robust 1, wild magic 1, AC +14
a: End Transformation, Minor Destruction, Lesser Servant of Makhleb, Major
Destruction, Greater Servant of Makhleb, Renounce Religion


You were on level 1 of the Swamp.
You worshipped Makhleb.
Makhleb was exalted by your worship.
You were not hungry.
You were a creature of crystalline ice.
You visited 5 branches of the dungeon, and saw 25 of its levels.
You also visited: Volcano.

You collected 2686 gold pieces.
You spent 155 gold pieces at shops.

Inventory:

Hand Weapons
 b - a +5 dagger of electrocution (melded)
   (You took it off an orc wizard on level 6 of the Dungeon)
Missiles
 a - 248 arrows
 n - a throwing net {!f}
 p - 43 tomahawks (quivered)
Armour
 C - a scarf of resistance (melded)
   (You found it on level 4 of the Lair of Beasts)
 E - a +2 hat (melded)
 F - a +1 pair of boots (melded)
 G - a +0 pair of gloves (melded)
Magical Staves
 w - an uncursed staff of wizardry {!a}
   (You found it on level 4 of the Dungeon)
Jewellery
 s - a +2 ring of protection
   (You found it on level 6 of the Dungeon)
 u - an uncursed ring of fire
   (You found it on level 3 of the Dungeon)
 I - a ring of see invisible (right front paw)
   (You found it on level 2 of the Dungeon)
 K - an uncursed ring of resist corrosion
   (You found it on level 1 of the Dungeon)
 P - an uncursed ring of protection from cold
   (You found it on level 1 of the Lair of Beasts)
 R - an amulet of magic regeneration (around neck)
   (You found it on level 1 of the Dungeon)
 U - a +3 ring of protection (left front paw)
   (You found it on level 8 of the Dungeon)
Wands
 g - a wand of clouds (4/9)
 i - a wand of disintegration (12/24)
 j - a wand of iceblast (7/15)
 v - a wand of confusion (22/48)
 J - a wand of iceblast (11/15)
 L - a wand of lightning (3/15)
 O - a wand of enslavement (24/24)
Scrolls
 d - 2 scrolls of magic mapping
 m - 3 scrolls of amnesia
 r - 14 scrolls of remove curse
 t - 6 scrolls of teleportation
 y - 3 scrolls of recharging
 Q - 2 scrolls of fear
 W - 2 scrolls of noise {unknown}
 Y - 2 scrolls of summoning {unknown}
 Z - 2 scrolls of fog
Potions
 e - 6 potions of curing
 f - 3 potions of haste
 h - a potion of ambrosia
 k - a potion of magic
 o - 3 potions of heal wounds
 q - 2 potions of flight
 x - 2 potions of berserk rage
 z - 8 potions of brilliance
 B - a potion of cancellation
 M - 4 potions of mutation {!q}
 N - a potion of might
 X - a potion of agility
Books
 l - a book of Changes

   Spells                             Type                      Level
   a - Beastly Appendage              Transmutation                1
   b - Sticks to Snakes               Transmutation                2
   c - Spider Form                    Transmutation/Poison         3
   d - Ice Form                       Ice/Transmutation            4
   e - Blade Hands                    Transmutation                5
 H - a book of Burglary
   (You found it on level 6 of the Lair of Beasts)

   Spells                             Type                      Level
   a - Swiftness                      Charms/Air                   2
   b - Passwall                       Transmutation/Earth          2
   c - Passage of Golubria            Translocation                4
   d - Lee's Rapid Deconstruction     Earth                        5
   e - Darkness                       Hexes                        6
   f - Invisibility                   Hexes                        6
Comestibles
 c - 9 bread rations


   Skills:
 - Level 11.2 Fighting
 - Level 9.0 Dodging
 - Level 3.0 Stealth
 - Level 15.0 Unarmed Combat
 - Level 6.8 Spellcasting
 - Level 2.1 Charms
 - Level 7.4 Summonings
 + Level 3.1 Translocations
 - Level 10.6 Transmutations
 - Level 4.7 Air Magic
 - Level 3.4 Earth Magic
   Level 4.3 Poison Magic
 - Level 7.6 Invocations
 - Level 6.8 Evocations


You had 4 spell levels left.
You knew the following spells:

 Your Spells              Type           Power        Failure   Level  Hunger
h - Blade Hands           Tmut           ######....   6%          5    #####..
i - Ice Form              Ice/Tmut       ####....     17%         4    ####...
k - Sticks to Snakes      Tmut           ######..     1%          2    None
w - Passwall              Tmut/Erth      #####.....   1%          2    None
L - Summon Lightning Spi  Summ/Air       #####...     13%         4    ####...
P - Passage of Golubria   Tloc           N/A          38%         4    ####...
W - Swiftness             Chrm/Air       ###.....     7%          2    None


Dungeon Overview and Level Annotations

Branches:
Dungeon (15/15)            Temple (1/1) D:7            Lair (6/6) D:8
  Swamp (1/4) Lair:3        Snake (0/4) Lair:2        Slime (0/5) Lair:5
    Orc (2/2) D:11            Elf (0/3) Orc:2        Vaults (0/5) D:14
 Depths (0/5) D:15

Altars:
Cheibriados
Dithmenos
Elyvilon
Hepliaklqana
Makhleb
Qazlal
Ru
Sif Muna
Trog
Uskayaw
Xom
Yredelemnul
Zin
The Shining One
Beogh

Shops:
D:10 (   Orc:2 *%[(

Annotations:
D:4 polve's ghost, amateur DsGl
D:12 Erolcha
D:15 Rupert


Innate Abilities, Weirdness & Mutations

((You can walk through water.))
((Your dull iron-grey scales are very hard. (AC +14)))
You cannot fit into any form of body armour.
((You can survive without breathing.))
((You are cold-blooded and may be slowed by cold attacks.))
You are robust. (+10% HP)
Your spells are a little harder to cast, but a little more powerful.


Message History

Your adder closely misses the eight-headed hydra.
Your adder withers and dies!
The eight-headed hydra bites your adder!
Your adder dies!
The eight-headed hydra closely misses your adder.
The eight-headed hydra bites your adder.
The eight-headed hydra closely misses your adder. x2
The eight-headed hydra bites your adder.
The eight-headed hydra completely misses your adder.
The eight-headed hydra bites your adder!
Your adder dies!
The eight-headed hydra bites your smoke demon but does no damage.
The eight-headed hydra bites your smoke demon!
The eight-headed hydra bites your smoke demon. x2
The eight-headed hydra bites your smoke demon but does no damage.
The eight-headed hydra bites your smoke demon!
The eight-headed hydra bites your smoke demon. x2
Unknown command.
Your water moccasin bites the eight-headed hydra!
Your adder barely misses the eight-headed hydra.
Your smoke demon hits the eight-headed hydra. x2
Your smoke demon completely misses the eight-headed hydra.
The eight-headed hydra bites your smoke demon!!
Your smoke demon dies!
The eight-headed hydra bites your water moccasin! x3
Your water moccasin dies!
The eight-headed hydra misses your adder. x2
The eight-headed hydra barely misses your adder.
The eight-headed hydra bites your adder.
Your adder bites the eight-headed hydra.
Your adder completely misses the eight-headed hydra.
The eight-headed hydra bites your adder!
Your adder dies!
Unknown command.
Casting: Sticks to Snakes
Confirm with . or Enter, or press ? or * to list all spells.
The spell is very dangerous to cast!
Continue anyway?
Okay, then.
Unknown command.
Unknown command.
Your hands revert to their normal proportions.
Your +5 dagger of electrocution unmelds from your body.
Your +0 pair of gloves unmelds from your body.
You hear the crackle of electricity.
Unknown command.
Casting: Ice Form
Confirm with . or Enter, or press ? or * to list all spells.
You turn into a creature of crystalline ice.
Your +5 dagger of electrocution melds into your body.
Your scarf of resistance melds into your body.
Your +2 hat melds into your body.
Your +0 pair of gloves melds into your body.
Your +1 pair of boots melds into your body.
Your +5 dagger of electrocution stops crackling.
You feel hot and cold all over.
You feel yourself speed up.
The tyrant leech looks more healthy.
Okay, then.
Casting: Ice Form
Confirm with . or Enter, or press ? or * to list all spells.
You create 4 snakes!
You now have 248 arrows.
The eight-headed hydra bites you but does no damage.
The eight-headed hydra closely misses you. x2
The eight-headed hydra bites you but does no damage.
The eight-headed hydra bites you!
* * * LOW HITPOINT WARNING * * *
The eight-headed hydra closely misses you.
The eight-headed hydra bites you.
* * * LOW HITPOINT WARNING * * *
The eight-headed hydra closely misses you.
You barely miss the eight-headed hydra.
The eight-headed hydra is moderately wounded.
The eight-headed hydra bites you.
* * * LOW HITPOINT WARNING * * *
The eight-headed hydra bites you.
* * * LOW HITPOINT WARNING * * *
The eight-headed hydra bites you!
* * * LOW HITPOINT WARNING * * *
The eight-headed hydra closely misses you.
The eight-headed hydra misses you.
The eight-headed hydra bites you but does no damage.
The eight-headed hydra misses you.
The eight-headed hydra closely misses you.
You pummel the eight-headed hydra!!
The eight-headed hydra seems to slow down.
You freeze the eight-headed hydra!
The eight-headed hydra is severely wounded.
Your adder barely misses the eight-headed hydra.
Your adder bites the eight-headed hydra. x2
The eight-headed hydra bites you!
* * * LOW HITPOINT WARNING * * *
The eight-headed hydra bites you!
* * * LOW HITPOINT WARNING * * *
The eight-headed hydra barely misses you. x2
The eight-headed hydra completely misses you.
The eight-headed hydra bites you!
* * * LOW HITPOINT WARNING * * *
The eight-headed hydra barely misses you.
The eight-headed hydra bites you!
You die...

♣≈
♣.♣≈≈...≈≈..♣
♣♣ ♣
...≈§≈.≈≈≈≈.♣
≈≈.≈≈≈≈.≈≈≈.♣♣
.≈.≈♣.≈......♣
≈♣..≈.≈.♣..≈.♣
♣.≈≈≈...♣♣.≈w♣♣
♣♣.≈≈≈≈♣♣♣..≈S♣
≈≈≈§≈ ♣♣SD.♣
♣.SYS♣ ♣♣≈≈≈.♣
♣♣..♣♣ ....
♣.... ♣♣§.♣♣
≈.♣ ..♣


You could see an eight-headed hydra, a tyrant leech and 4 friendly adders.

Vanquished Creatures
  Frances (D:13)
  Donald (Swamp:1)
  An orc warlord (Orc:2)
  Azrael (D:14)
  An ettin (D:15)
  An ogre mage (Volcano)
  3 hydras
  A vault guard (D:14)
  3 centaur warriors
  15 two-headed ogres
  3 tengu warriors
  2 orc high priests (Orc:2)
  Sonja (D:15)
  A hell knight (Volcano)
  3 unseen horrors
  A wizard (D:14)
  A deep troll (D:15)
  A lindwurm (Lair:5)
  A swamp dragon (Lair:3)
  Pikel (D:6)
  A necromancer (D:14)
  3 orc sorcerers
  2 cyclopes (D:15)
  An orc knight (Orc:2)
  2 oklob plants
  2 manticores
  3 ugly things (D:14)
  6 slime creatures
  6 elephants (Lair:5)
  4 black mambas
  2 centaur zombies (D:14)
  2 spiny frogs (Lair:2)
  A rust devil (D:7)
  A gargoyle (D:15)
  A kobold demonologist (D:13)
  11 komodo dragons
  8 rime drakes
  A tengu conjurer (D:14)
  8 trolls
  Grinder (D:6)
  3 polar bears (Lair:6)
  5 hornets (Lair:6)
  8 blink frogs
  9 dream sheep
  A meliai zombie (D:14)
  16 hippogriffs
  12 spriggans (Lair:6)
  2 shadows
  A wraith (D:10)
  16 wyverns
  26 yaks
  8 basilisks
  3 hogs (D:7)
  A steam dragon (D:7)
  5 fire elementals (D:14)
  3 fire bats (Lair:2)
  19 humans
  8 vampire mosquitoes
  3 hungry ghosts
  2 wargs
  An acid dragon (D:14)
  2 nagas (Lair:2)
  13 water moccasins
  4 hell hounds (D:14)
  9 porcupines
  An ice beast (D:8)
  21 orc warriors
  5 sky beasts
  4 black bears
  A phantom (D:8)
  A slave (D:6)
  10 ogres
  30 wolves
  3 boggarts (Lair:6)
  A necrophage (D:8)
  8 centaurs
  10 crocodiles
  Blork the orc (D:6)
  5 big kobolds
  16 bullfrogs
  A wyvern zombie (D:11)
  A wyvern skeleton (D:9)
  2 scorpions
  58 killer bees
  3 wights (D:13)
  An electric eel (D:15)
  2 howler monkeys
  8 crimson imps
  6 hounds
  A quasit (D:15)
  21 orc priests
  4 centaur skeletons
  2 jellies (D:7)
  A bullfrog skeleton (D:7)
  5 iguanas
  23 orc wizards
  10 worker ants
  A killer bee zombie (D:7)
  4 worker ant zombies
  A howler monkey skeleton (D:5)
  15 adders
  4 shadow imps
  An adder zombie (D:9)
  2 adder skeletons
  A worm (D:2)
  A dart slug (D:1)
  5 leopard geckos
  104 orcs
  2 bats (D:1)
  9 giant cockroaches
  5 hobgoblins
  6 jackals
  6 quokkas
  A ball python (D:1)
  A ball python skeleton (D:4)
  A ball python zombie (D:5)
  3 frilled lizards
  6 goblins
  21 kobolds
  A quokka skeleton (D:4)
  A quokka zombie (D:6)
  4 rats
  A fungus (D:8)
  3 plants
765 creatures vanquished.

Vanquished Creatures (collateral kills)
  Snorg (Lair:6)
  4 hydras
  A tengu warrior (D:14)
  A wizard (D:14)
  A manticore (D:14)
  A torpor snail (Lair:6)
  A spiny frog (Lair:6)
  A rime drake (D:14)
  A bog body (Swamp:1)
  2 hippogriffs
  5 dream sheep (Lair:5)
  2 wyverns (D:14)
  2 humans (D:14)
  2 yaks (Lair:6)
  6 basilisks
  A swamp worm (Swamp:1)
  A water moccasin (Lair:6)
  2 orc warriors (Orc:2)
  A centaur (D:14)
  A boggart (Lair:6)
  A crocodile (Lair:5)
  2 bullfrogs
  A killer bee (Lair:3)
  A hound (D:5)
  2 worker ants (D:4)
  2 adders (D:3)
  A dart slug (D:4)
  11 orcs
  A giant cockroach (D:3)
  A goblin (D:3)
  2 hobgoblins
  3 jackals (D:1)
  A quokka (D:2)
  A kobold (D:1)
  A quokka skeleton (D:5)
  A rat (D:3)
  A plant (Lair:5)
70 creatures vanquished.

Vanquished Creatures (others)
  A hydra (Swamp:1)
  A slave (D:6)
  A jackal (D:6)
  19 fungi
  5 plants
27 creatures vanquished.

Grand Total: 862 creatures vanquished

Notes
Turn   | Place    | Note
-------+----------+-------------------------------------------
     0 | D:1      | tidbits the Draconian Transmuter began the quest for the Orb.
     0 | D:1      | Reached XP level 1. HP: 16/16 MP: 3/3
     5 | D:1      | Noticed an electric eel
    58 | D:1      | Reached skill level 1 in Stealth
   262 | D:1      | Reached XP level 2. HP: 23/23 MP: 5/5
   326 | D:1      | Learned a level 2 spell: Sticks to Snakes
   380 | D:1      | Reached skill level 2 in Stealth
   642 | D:2      | Reached XP level 3. HP: 26/28 MP: 2/6
   751 | D:2      | Reached skill level 3 in Stealth
   757 | D:2      | Learned a level 3 spell: Spider Form
   898 | D:2      | Found a hide-covered altar of Uskayaw.
   898 | D:2      | Found a stormy altar of Qazlal.
  1155 | D:3      | Reached XP level 4. HP: 31/35 MP: 2/7
  1158 | D:3      | Reached skill level 3 in Transmutations
  1469 | D:2      | Reached skill level 2 in Fighting
  1836 | D:4      | Found a snail-covered altar of Cheibriados.
  1874 | D:4      | Found a white marble altar of Elyvilon.
  1919 | D:4      | Reached skill level 3 in Fighting
  1919 | D:4      | Reached XP level 5. HP: 43/45 MP: 6/8
  1920 | D:4      | Noticed polve's ghost (amateur DsGl)
  2044 | D:4      | Reached skill level 2 in Dodging
  2126 | D:5      | Entered Level 5 of the Dungeon
  2294 | D:5      | Reached skill level 3 in Dodging
  2294 | D:5      | Reached XP level 6. HP: 30/52 MP: 0/9
  2485 | D:6      | Found a hazy altar of Hepliaklqana.
  2759 | D:4      | Gained mutation: Scrolls take you a little longer to read. [potion of mutation]
  2759 | D:4      | Gained mutation: You are agile. (Dex +2) [potion of mutation]
  2760 | D:4      | Lost mutation: You are agile. (Dex +2) [potion of mutation]
  2760 | D:4      | Lost mutation: Scrolls take you a little longer to read. [potion of mutation]
  2760 | D:4      | Gained mutation: You are robust. (+10% HP) [potion of mutation]
  2760 | D:4      | Gained mutation: Your spells are a little harder to cast, but a little more powerful. [potion of mutation]
  2855 | D:5      | Reached skill level 1 in Poison Magic
  2856 | D:5      | Reached skill level 4 in Unarmed Combat
  2869 | D:5      | Noticed a sky beast
  2881 | D:5      | Killed a sky beast
  2881 | D:5      | Reached skill level 2 in Poison Magic
  2881 | D:5      | Your scales start taking on a dull iron-grey colour.
  2881 | D:5      | Reached XP level 7. HP: 52/63 MP: 3/10
  2881 | D:5      | Gained mutation: You can survive without breathing. [Grey Draconian growth]
  2926 | D:6      | Noticed Grinder
  3004 | D:6      | Noticed Pikel
  3109 | D:6      | Reached skill level 3 in Poison Magic
  3121 | D:6      | Reached skill level 5 in Unarmed Combat
  3375 | D:6      | Noticed Blork the orc
  3387 | D:6      | Killed Blork the orc
  3387 | D:6      | Reached skill level 4 in Poison Magic
  3492 | D:6      | Reached XP level 8. HP: 36/72 MP: 3/11
  3730 | D:5      | Reached skill level 4 in Transmutations
  3816 | D:6      | Reached skill level 5 in Transmutations
  3922 | D:6      | Killed Pikel
  3922 | D:6      | Reached skill level 7 in Transmutations
  3952 | D:6      | Learned a level 5 spell: Blade Hands
  4079 | D:6      | Reached XP level 9. HP: 64/78 MP: 9/12
  4175 | D:7      | Found a glowing silver altar of Zin.
  4250 | D:6      | Killed Grinder
  4250 | D:6      | Reached skill level 8 in Transmutations
  4328 | D:7      | Reached skill level 3 in Spellcasting
  4559 | D:7      | HP: 7/78 [orc warrior/dire flail (23)]
  4560 | D:7      | Found a glowing golden altar of the Shining One.
  4868 | D:7      | Reached skill level 9 in Transmutations
  4900 | D:7      | Found a shimmering altar of Xom.
  4925 | D:7      | Noticed a two-headed ogre
  4949 | D:7      | Reached skill level 4 in Fighting
  5006 | D:7      | Reached skill level 5 in Fighting
  5012 | D:7      | Reached skill level 6 in Fighting
  5020 | D:7      | Reached skill level 7 in Fighting
  5054 | D:7      | Found a burning altar of Makhleb.
  5060 | D:7      | Became a worshipper of Makhleb the Destroyer
  5125 | D:7      | Noticed a troll
  5199 | D:6      | Reached skill level 1 in Invocations
  5199 | D:6      | Reached XP level 10. HP: 56/94 MP: 15/15
  5242 | D:7      | Killed a two-headed ogre
  5242 | D:7      | Reached skill level 7 in Unarmed Combat
  5391 | D:6      | Noticed a rust devil
  5392 | D:6      | Noticed a rust devil
  5405 | D:7      | Found a staircase to the Ecumenical Temple.
  5450 | D:8      | Reached skill level 8 in Unarmed Combat
  5887 | D:7      | Killed a rust devil
  5887 | D:7      | Reached * piety under Makhleb
  5887 | D:7      | Reached skill level 9 in Unarmed Combat
  5972 | Temple   | Entered the Ecumenical Temple
  6303 | D:9      | Reached skill level 10 in Unarmed Combat
  6423 | D:8      | Reached ** piety under Makhleb
  6454 | D:8      | Found a staircase to the Lair.
  6478 | D:8      | Reached XP level 11. HP: 101/101 MP: 16/16
  6569 | Lair:1   | Entered Level 1 of the Lair of Beasts
  6577 | Lair:1   | Reached skill level 11 in Unarmed Combat
  6629 | Lair:1   | Reached skill level 4 in Dodging
  6706 | Lair:1   | Reached skill level 5 in Dodging
  6803 | Lair:2   | Reached skill level 6 in Dodging
  6823 | Lair:2   | Found a dark tunnel.
  6843 | Volcano  | Entered a volcano
  6859 | Volcano  | Noticed an ogre mage
  6865 | Volcano  | Paralysed by an ogre mage for 6 turns
  6882 | Volcano  | Noticed a two-headed ogre
  6884 | Volcano  | Killed an ogre mage
  6885 | Volcano  | Noticed a two-headed ogre
  6887 | Volcano  | Noticed a two-headed ogre
  6890 | Volcano  | Killed a two-headed ogre
  6890 | Volcano  | Reached skill level 8 in Fighting
  6896 | Volcano  | Killed a two-headed ogre
  6896 | Volcano  | Reached skill level 9 in Fighting
  6897 | Volcano  | Killed a two-headed ogre
  6903 | Volcano  | HP: 9/108 [something (11)]
  6905 | Volcano  | Found a burning altar of Makhleb.
  6906 | Volcano  | Noticed a hell knight
  7205 | Volcano  | Killed a hell knight
  7205 | Volcano  | Reached skill level 10 in Fighting
  7280 | Volcano  | Noticed a two-headed ogre
  7280 | Volcano  | Noticed a two-headed ogre
  7284 | Volcano  | Killed a two-headed ogre
  7288 | Volcano  | Noticed a two-headed ogre
  7289 | Volcano  | Killed a two-headed ogre
  7297 | Volcano  | Killed a two-headed ogre
  7297 | Volcano  | Reached skill level 11 in Fighting
  7297 | Volcano  | Reached XP level 12. HP: 38/121 MP: 14/17
  7648 | Lair:2   | Reached skill level 2 in Invocations
  7670 | Lair:2   | Reached skill level 3 in Invocations
  7778 | Lair:1   | Noticed a six-headed hydra
  7788 | Lair:1   | Killed a six-headed hydra
  7788 | Lair:1   | Reached skill level 4 in Invocations
  7924 | Lair:2   | Reached skill level 5 in Invocations
  8112 | Lair:2   | Found a staircase to the Snake Pit.
  8252 | Lair:3   | Reached skill level 7 in Dodging
  8341 | Lair:3   | Found a staircase to the Swamp.
  8481 | Lair:2   | Reached *** piety under Makhleb
  8868 | Lair:3   | Reached skill level 8 in Dodging
  9038 | Lair:3   | Reached **** piety under Makhleb
  9092 | Lair:3   | Reached skill level 9 in Dodging
  9315 | Lair:4   | Noticed a six-headed hydra
  9505 | Lair:4   | Reached skill level 10 in Transmutations
  9576 | Lair:4   | Noticed a four-headed hydra
  9607 | Lair:4   | Killed a four-headed hydra
  9607 | Lair:4   | Reached skill level 1 in Evocations
  9624 | Lair:4   | Reached skill level 2 in Evocations
  9628 | Lair:4   | Reached ***** piety under Makhleb
  9693 | Lair:5   | Reached XP level 13. HP: 127/127 MP: 10/18
  9799 | Lair:5   | Reached skill level 3 in Evocations
  9843 | Lair:5   | Reached skill level 4 in Evocations
  9938 | Lair:5   | Reached skill level 5 in Evocations
 10029 | Lair:5   | Reached skill level 6 in Evocations
 10233 | Lair:6   | Entered Level 6 of the Lair of Beasts
 10393 | Lair:6   | Reached skill level 12 in Unarmed Combat
 10553 | Lair:6   | Noticed Snorg
 10572 | Lair:6   | Killed Snorg
 10612 | Lair:6   | Learned a level 2 spell: Passwall
 10615 | Lair:6   | Learned a level 2 spell: Swiftness
 10620 | Lair:6   | Learned a level 4 spell: Passage of Golubria
 10714 | Lair:6   | Reached skill level 1 in Earth Magic
 10726 | Lair:6   | Reached skill level 1 in Air Magic
 10992 | Lair:6   | Reached skill level 1 in Charms
 11027 | Lair:6   | Reached skill level 2 in Earth Magic
 11240 | Lair:6   | Reached skill level 3 in Earth Magic
 11294 | Lair:6   | Reached skill level 2 in Charms
 11294 | Lair:6   | Reached skill level 2 in Air Magic
 11507 | Lair:6   | Reached skill level 6 in Invocations
 11560 | Lair:5   | Found a staircase to the Slime Pits.
 11848 | Lair:4   | Reached skill level 7 in Invocations
 11856 | Lair:4   | Reached XP level 14. HP: 136/136 MP: 12/19
 12372 | D:10     | Entered Level 10 of the Dungeon
 12564 | D:10     | Reached skill level 4 in Spellcasting
 12617 | D:9      | Found a bloodstained altar of Trog.
 12644 | D:9      | Reached ****** piety under Makhleb
 12885 | D:9      | Found a glowing golden altar of the Shining One.
 12890 | D:9      | Found a basalt altar of Yredelemnul.
 12930 | D:10     | Found Laippequ's Weapon Shop.
 13223 | D:10     | Reached skill level 13 in Unarmed Combat
 13243 | D:10     | Reached skill level 5 in Spellcasting
 13605 | D:11     | Found a staircase to the Orcish Mines.
 13773 | D:13     | Noticed Frances
 13786 | D:13     | Killed Frances
 13867 | D:12     | Noticed Erolcha
 13983 | D:13     | Reached skill level 6 in Spellcasting
 14057 | D:13     | Found a glowing silver altar of Zin.
 14214 | D:14     | Reached skill level 14 in Unarmed Combat
 14222 | D:14     | Learned a level 4 spell: Summon Lightning Spire
 14424 | D:14     | Found a gate to the Vaults.
 14432 | D:14     | Reached skill level 1 in Summonings
 14448 | D:14     | Reached skill level 2 in Summonings
 14463 | D:14     | Reached skill level 3 in Summonings
 14596 | D:14     | Noticed Azrael
 14603 | D:14     | Reached skill level 4 in Summonings
 14610 | D:14     | Killed Azrael
 14629 | D:14     | Reached skill level 5 in Summonings
 14720 | D:14     | Reached XP level 15. HP: 143/143 MP: 15/24
 14783 | D:15     | Entered Level 15 of the Dungeon
 14912 | D:15     | Found a deep blue altar of Sif Muna.
 14994 | D:15     | Found a glowing golden altar of the Shining One.
 15012 | D:15     | Noticed Sonja
 15032 | D:15     | Killed Sonja
 15032 | D:15     | Reached skill level 6 in Summonings
 15082 | D:15     | Reached skill level 3 in Air Magic
 15141 | D:15     | Found a staircase to the Depths.
 15167 | D:15     | Noticed Rupert
 15456 | D:14     | Reached skill level 4 in Air Magic
 15486 | D:14     | Reached skill level 7 in Summonings
 16003 | Orc:1    | Entered Level 1 of the Orcish Mines
 16199 | Orc:2    | Entered Level 2 of the Orcish Mines
 16282 | Orc:2    | Found a roughly hewn altar of Beogh.
 16283 | Orc:2    | Found Pacushra's Food Shop.
 16338 | Orc:2    | Found a roughly hewn altar of Beogh.
 16766 | Orc:2    | Found a roughly hewn altar of Beogh.
 16782 | Orc:2    | Found a staircase to the Elven Halls.
 16792 | Orc:2    | Found a roughly hewn altar of Beogh.
 16815 | Orc:2    | Found a roughly hewn altar of Beogh.
 16848 | Orc:2    | Found a roughly hewn altar of Beogh.
 16886 | Orc:2    | Found Ihoycu's General Store.
 16895 | Orc:2    | Bought a potion of magic for 80 gold pieces
 16895 | Orc:2    | Bought a scroll of torment for 75 gold pieces
 17000 | Orc:2    | Noticed an orc warlord
 17038 | Orc:2    | HP: 12/143 [orc warlord/battleaxe (46)]
 17387 | Orc:2    | Found Ittoxega's Antique Weapon Shoppe.
 17388 | Orc:2    | Found a roughly hewn altar of Beogh.
 17390 | Orc:2    | Found Ymicur's Antique Armour Emporium.
 17492 | Orc:2    | Killed an orc warlord
 17659 | D:11     | Reached skill level 15 in Unarmed Combat
 18052 | Lair:1   | Learned a level 4 spell: Ice Form
 18133 | Swamp:1  | Entered Level 1 of the Swamp
 18139 | Swamp:1  | Reached skill level 1 in Translocations
 18190 | Swamp:1  | Reached skill level 2 in Translocations
 18207 | Swamp:1  | Noticed Donald
 18237 | Swamp:1  | HP: 14/143 [Donald/vampiric demon trident (21)]
 18639 | Swamp:1  | Killed Donald
 18639 | Swamp:1  | Reached skill level 3 in Translocations
 18679 | Swamp:1  | HP: 14/171 [eight-headed hydra (12)]
 18679 | Swamp:1  | HP: 1/171 [eight-headed hydra (13)]
 18679 | Swamp:1  | Mangled by an eight-headed hydra

Skill      XL: |  1  2  3  4  5  6  7  8  9 10 11 12 13 14 15 |
---------------+----------------------------------------------+-----
Stealth        | 1 2 3 |  3.0
Transmutations | 3 7 9 10 | 10.6
Fighting       | 3 7 11 | 11.2
Dodging        | 3 6 9 |  9.0
Poison Magic   | 2 4 |  4.3
Unarmed Combat | 4 5 10 11 12 14 15 | 15.0
Spellcasting   | 3 6 |  6.8
Invocations    | 1 5 7 |  7.6
Evocations     | 2 6 |  6.8
Earth Magic    | 3 |  3.4
Air Magic      | 2 4 |  4.7
Charms         | 2 |  2.1
Summonings     | 5 7 |  7.4
Translocations | 3 |  3.1

Action                   |  1- 3 |  4- 6 |  7- 9 | 10-12 | 13-15 || total
-------------------------+-------+-------+-------+-------+-------++-------
Melee: Unarmed           |    21 |    63 |   202 |   433 |  1012 ||  1731
       Dagger            |   104 |   128 |    75 |    42 |    96 ||   445
       Tailslap          |    10 |    15 |    10 |    43 |   112 ||   190
       Kick              |    10 |     1 |     5 |       |       ||    16
       Punch             |       |       |     3 |    15 |    51 ||    69
Throw: Stone             |     4 |       |       |       |       ||     4
       Tomahawk          |       |       |     2 |       |       ||     2
 Cast: Beastly Appendage |    20 |     4 |     1 |       |       ||    25
       Sticks to Snakes  |    13 |    22 |     4 |    28 |    71 ||   138
       Spider Form       |       |    11 |    17 |       |       ||    28
       Blade Hands       |       |       |    12 |    61 |   109 ||   182
       Summon Lightning  |       |       |       |       |     4 ||     4
       Ice Form          |       |       |       |       |     3 ||     3
Invok: Minor Destruction |       |       |       |     3 |     6 ||     9
       Lesser Servant of |       |       |       |       |    12 ||    12
       Major Destruction |       |       |       |       |     2 ||     2
 Abil: End Transformatio |       |       |     1 |     2 |    14 ||    17
Evoke: Wand              |       |       |       |     3 |     4 ||     7
       Phantom mirror    |       |       |       |       |     1 ||     1
  Use: Scroll            |     5 |     8 |     4 |    10 |    18 ||    45
       Potion            |       |     2 |     4 |     4 |     3 ||    13
 Stab: Sleeping          |     6 |    10 |     1 |     1 |       ||    18
       Distracted        |       |     1 |     1 |       |     9 ||    11
       Confused          |       |       |       |       |     2 ||     2
  Eat: Meat ration       |     1 |     1 |       |     2 |     5 ||     9
       Chunk             |       |     2 |    12 |    28 |    44 ||    86
       Bread ration      |       |       |     1 |       |       ||     1
       Fruit             |       |       |       |     1 |     3 ||     4
       Royal jelly       |       |       |       |       |     1 ||     1
Armor: Skin              |    43 |    42 |    71 |   170 |   333 ||   659
Dodge: Dodged            |    95 |   114 |   217 |   402 |   787 ||  1615

Table legend:
 A = Turns spent in this place as a percentage of turns spent in the entire game.
 B = Non-inter-level travel turns spent in this place as a percentage of non-inter-level travel turns spent in the entire game.
 C = Inter-level travel turns spent in this place as a percentage of turns spent in this place.
 D = Turns resting spent in this place as a percentage of non-inter-level travel turns spent in this place.
 E = Turns spent auto-exploring this place as a percentage of non-inter-level travel turns spent in this place.
 F = Non-inter-level travel turns spent in this place divided by the number of levels of this place that you've seen.
                   A       B       C       D       E      F
               +-------+-------+-------+-------+-------+----------------------
         Total | 100.0 | 100.0 |   0.5 |   0.8 |   0.0 | 551.7
       Dungeon |  58.4 |  58.4 |   0.5 |   0.5 |   0.0 | 558.8
        Temple |   0.1 |   0.1 |   0.0 |  66.7 |   0.0 |   9.0
          Lair |  30.2 |  30.2 |   0.6 |   0.4 |   0.0 | 722.7
         Swamp |   1.2 |   1.2 |   0.0 |   0.0 |   0.0 | 177.0
  Orcish Mines |   8.4 |   8.4 |   0.6 |   0.4 |   0.0 | 605.0
       Volcano |   1.6 |   1.6 |   0.0 |  20.8 |   0.0 | 231.0
               +-------+-------+-------+-------+-------+----------------------

Table legend:
 A = Kills in this place as a percentage of kills in entire the game.
 B = Kills by you in this place as a percentage of kills by you in the entire game.
 C = Kills by friends in this place as a percentage of kills by friends in the entire game.
 D = Other kills in this place as a percentage of other kills in the entire game.
 E = Experience gained in this place as a percentage of experience gained in the entire game.
 F = Experience gained in this place divided by the number of levels of this place that you have seen.
                   A       B       C       D       E      F
               +-------+-------+-------+-------+-------+----------------------
         Total | 100.0 | 100.0 | 100.0 | 100.0 | 100.0 | 5175.4
       Dungeon |  56.7 |  58.0 |  44.9 |   0.0 |  48.5 | 4352.9
          Lair |  30.6 |  30.3 |  34.8 |   0.0 |  36.5 | 8193.7
         Swamp |   1.0 |   0.5 |   4.3 |  50.0 |   3.0 | 4048.0
  Orcish Mines |  10.7 |  10.1 |  15.9 |  50.0 |   6.6 | 4428.5
       Volcano |   1.0 |   1.1 |   0.0 |   0.0 |   5.4 | 7199.0
               +-------+-------+-------+-------+-------+----------------------

Vault maps used:
D:1:      arrival_aquarium_a
D:2:      vehumet_crystals, gammafunk_temple_overflow_statue, first_bread,
          minmay_misc_feat_nine_boxes
D:4:      cheibriados_altar_1, nicolae_overflow_hidden_temple
D:6:      cheibrodos_iron_armory, lemuel_doored_altar, uniq_grinder, uniq_pikel,
          uniq_blork_the_orc
D:7:      minmay_the_grid_four_pointed_star, kennysheep_mini_moat,
          makhleb_grotto_becter, zin_academy, minmay_temple_entry_junction,
          basic_altar, grunt_livestock
D:8:      due_lair_maze_entry_diamond
D:9:      grunt_temple_overflow_holy_war, overflow_temple_1_default,
          statue_in_the_mist_lemuel, hangedman_decor_points
D:10:     serial_shops, shop, nicolae_underground_beach
D:11:     hiddenorc2_lemuel
D:12:     uniq_erolcha
D:13:     basic_altar, uniq_kirke, uniq_frances
D:14:     grunt_vaults_entry_tiered, special_room, serial_bayou_pond_d,
          uniq_azrael
D:15:     hangedman_depths_entry_civil_slaughter, basic_altar, minivault_4,
          lemuel_blue_sif_altar, uniq_rupert, uniq_sonja
Temple:   compressed_dpeg_triangle_lava_temple
Lair:2:   guppyfry_snake_entry_garden, nicolae_volcano_entry_batcave,
          st_stairs_7
Lair:3:   wad_woods_minihive, minmay_swamp_entry_reptiles, beast_lair_carwin_3
Lair:4:   special_room, grunt_megastairs_5
Lair:5:   minmay_slime_entry_oklob_open, grunt_megastairs_4
Lair:6:   minmay_lair_end_enchanted_forest, st_stairs_13, serial_bayou_shore_a,
          lemuel_fruit_fields, uniq_snorg
Swamp:1:  nicolae_swamp_dense_foliage, swamp_pool5,
          cheibrodos_swamp_pet_leeches, uniq_donald
Orc:2:    grunt_orc_community_town_hall, grunt_orc_community_big_house_1,
          grunt_orc_community_big_house_1, grunt_orc_community_house_1,
          grunt_orc_community_house_2, grunt_orc_community_house_1,
          grunt_orc_community_house_2, grunt_orc_community_house_3, basic_altar
Volcano:  kennysheep_volcano_temple
